Cogmind - Beta 13 @@@ ROGUE MODE // 2024.03.20 @ 22:15:11 Player: fkp Result: Destroyed by G-34 Mercenary with Small Laser Performance ------------- Evolutions (1) 500 Regions Visited (4) 800 Robots Destroyed (109) 545 Value Destroyed (2348) 2348 Prototype IDs (4) 80 Alien Tech Used (0) 0 Bonus (423) 423 TOTAL SCORE: 4696 Bonus ------- High Alert Combat Kills 423 Cogmind --------- Core Integrity 0/400 Matter 273/300 Energy 147/160 System Corruption 12% Temperature Cool (12) Movement Treading (240) Ox1 Location -9/Storage Parts ------- > --- POWER (1) -------- Light Nuclear Core > --- PROPULSION (2) --- Light Treads > --- UTILITY (3) ------ Disposable Heat Sink Medium Storage Unit Hardened Light Armor Plating > --- WEAPON (3) ------- Heavy EM Pulse Gun Improved Assault Rifle > --- INVENTORY (10) --- Compact Wheel Seismic Detector Improved Targeting Computer Hardened Light Armor Plating Hardened Light Armor Plating Improved Light Cannon Rocket Launcher Mini Grenade Launcher Peak State ------------ > --- POWER ------------ Cooled Ion Engine > --- PROPULSION ------- Improved Treads Improved Treads > --- UTILITY ---------- Disposable Heat Sink Small Storage Unit Medium Armor Plating > --- WEAPON ----------- Heavy EM Pulse Gun Improved Assault Rifle Rocket Launcher > --- INVENTORY -------- Light Treads Heat Sink Improved Terrain Scanner Seismic Detector Light Armor Plating Spread Laser Autogun Maul [Rating: 20] Favorites ----------- Power Cooled Ion Engine Engine Cooled Ion Engine Power Core Light Nuclear Core Propulsion Compact Wheel Treads Improved Treads Leg Aluminum Leg Wheel Compact Wheel Flight Unit Improved Flight Unit Utility Small Storage Unit Device Disposable Heat Sink Storage Small Storage Unit Processor Visual Processing Unit Protection Hardened Light Armor Plating Weapon Spread Laser Energy Gun Spread Laser Energy Cannon Light EM Pulse Cannon Ballistic Gun Improved Assault Rifle Ballistic Cannon Improved Light Cannon Launcher Rocket Launcher Impact Weapon Maul Slashing Weapon Katana Build | -11 -10 -10 -9 -9 ------- Run | Yrd Mat Min Mat Sto Slots Evolved 2 | . . . 2 . Power . | . . . . . Propulsion . | . . . . . Utility 1 | . . . 1 . Weapon 1 | . . . 1 . Parts Attached 95 | 10 7 1 46 31 Power 5 | 1 . . 2 2 Engine 4 | 1 . . 2 1 Core 1 | . . . . 1 Reactor . | . . . . . Propulsion 20 | 4 4 . 8 4 Treads 6 | . . . 4 2 Leg 2 | . . . . 2 Wheel 11 | 4 4 . 3 . Hover . | . . . . . Flight 1 | . . . 1 . Utility 24 | 3 . . 12 9 Device 9 | 2 . . 5 2 Storage 2 | 1 . . . 1 Processor 3 | . . . 1 2 Hackware . | . . . . . Protection 10 | . . . 6 4 Artifact . | . . . . . Weapon 46 | 2 3 1 24 16 Energy Gun 14 | 2 1 . 6 5 Energy Cannon 1 | . . . 1 . Ballistic Gun 6 | . . . 5 1 Ballistic Cannon 4 | . . . 1 3 Launcher 12 | . 2 1 4 5 Special Weapon . | . . . . . Impact Weapon 7 | . . . 7 . Slashing Weapon 2 | . . . . 2 Piercing Weapon . | . . . . . Special Melee Weapon . | . . . . . Unidentified Prototypes 4 | . . . 3 1 Parts Lost 16 | . . 1 7 8 Power 1 | . . . 1 . Propulsion 3 | . . . 1 2 Utility 7 | . . . 4 3 Weapon 5 | . . 1 1 3 Highest Loss Streak 4 | . . 1 3 4 To Critical Strikes 1 | . . 1 . . Average Slot Usage (%) 97 | . 100 93 98 96 Engine 9 | . 14 14 10 5 Core 1 | . . . . 5 Treads 10 | . . . 15 5 Leg 1 | . . . . 5 Wheel 10 | . 28 28 6 10 Device 13 | . 14 14 13 13 Storage 10 | . 14 14 11 5 Processor 1 | . . . 1 1 Protection 7 | . . . 6 12 Energy Gun 10 | . 10 14 11 7 Energy Cannon 1 | . . . 1 2 Ballistic Gun 5 | . . . 9 1 Ballistic Cannon 3 | . . . 1 10 Launcher 5 | . 17 7 3 7 Impact Weapon 2 | . . . 5 . Naked Turns . | . . . . . Heaviest Build 32 | 13 17 16 32 32 Greatest Support 46 | 32 32 32 46 40 Greatest Overweight (x) 7 | . . . 2 7 Average Overweight (x) . | . . . . . Largest Inventory Capacity 10 | 8 8 8 8 10 Average Capacity 7 | 7 8 8 8 7 Most Carried 9 | 5 8 6 8 9 Average Carried 5 | 2 5 5 5 5 Final Capacity 10 | 8 8 8 8 10 Final Carried 8 | 4 6 6 6 8 Class Distribution -------------------- 34% | Tank 32% | Mutant 14% | Scavenger-Mutant 11% | Scavenger-Skirmisher Dominant Class ---------------- Mutant | -10/Materials Mutant | -10/Mines Tank | -9/Materials Tank | -9/Storage Resources | -11 -10 -10 -9 -9 ----------- Run | Yrd Mat Min Mat Sto Matter Collected 1864 | 300 114 19 803 628 Remotely . | . . . . . Salvage Created 3070 | 210 95 20 1750 995 Parts 199 | 22 10 7 91 69 Haulers Intercepted 7 | . . . 3 4 Recyclers Shooed 5 | . 2 . 2 1 Parts Field Recycled . | . . . . . Retrieved Matter . | . . . . . Parts Self-Destructed . | . . . . . Prevented . | . . . . . Kills | -11 -10 -10 -9 -9 ------- Run | Yrd Mat Min Mat Sto Combat Hostiles Destroyed 61 | . 1 4 36 20 Melee 8 | . . . 8 . Guns 15 | . . 1 11 3 Cannons 15 | . . . 5 10 AOE 14 | . 1 3 3 7 Classes Destroyed 13 | 3 2 1 5 2 Worker 14 | 2 1 . 10 1 Builder 5 | . . . 2 3 Tunneler 9 | 5 2 . 2 . Hauler 7 | . . . 3 4 Recycler 3 | 1 . . 2 . Mechanic 3 | . . . 1 2 Operator 1 | . . . . 1 Watcher 6 | . 2 . 4 . Swarmer 14 | . . 4 6 4 Grunt 30 | . 1 . 22 7 Brawler 1 | . . . . 1 Duelist 4 | . . . 2 2 Sentry 12 | . . . 6 6 Best Kill Streak 7 | 4 4 3 7 6 Combat Bots Only 7 | . 1 3 7 4 Max Kills in Single Turn 3 | 1 2 2 2 3 Gunslinging . | . . . . . Exploded 2 | . 1 2 1 1 Melee 1 | . . . 1 . Uniques/NPCs Destroyed . | . . . . . Combat | -11 -10 -10 -9 -9 -------- Run | Yrd Mat Min Mat Sto Hostile Shots Fired 247 | . . 7 163 77 Missed 65 | . . 1 41 23 Damage Taken 2969 | . . 118 1865 986 Core 427 | . . 24 294 109 Absorbed by Shields . | . . . . . Regen/Repaired (Parts) 132 | . . . 25 107 Core Remaining (%) 95 | 100 . 90 . . Volleys Fired 138 | 11 6 9 61 51 Largest 3 | 2 2 1 3 3 Hottest 153 | 80 66 65 153 134 Shots Fired 305 | 22 8 9 140 126 Gun 177 | 22 4 6 103 42 Cannon 103 | . . . 26 77 Launcher 25 | . 4 3 11 7 Special . | . . . . . Kinetic 138 | . . . 65 73 Thermal 65 | . 4 6 29 26 Explosive 25 | . 4 3 11 7 Electromagnetic 77 | 22 . . 35 20 Robot Hit Streak 12 | 7 3 4 6 12 Robot Miss Streak 6 | 2 4 4 6 3 Penetration Max . | . . . . . Secondary Targets 2 | . . . 2 . Max Gunslinging Chain 1 | . . . 1 . Shots Hit Robots 226 | 12 4 6 125 79 Core Hits 146 | 8 12 12 70 44 Critical Kills 1 | . . . 1 . Critical Parts Destroyed 9 | . . . 9 . Critical Strikes 16 | . . . 12 4 Burn 1 | . . . . 1 Blast 3 | . . . . 3 Corrupt 1 | . . . 1 . Smash 11 | . . . 11 . Melee Attacks 68 | . . . 57 11 Impact 57 | . . . 57 . Slashing 11 | . . . . 11 Piercing . | . . . . . Sneak Attacks 13 | . . . 11 2 Combat Hostiles 1 | . . . 1 . Follow-up Attacks 2 | . . . 2 . Damage Inflicted 7349 | 158 286 236 3943 2726 Guns 1506 | 158 30 57 899 362 Cannons 1343 | . . . 367 976 Explosions 1871 | . 256 179 544 892 Melee 2629 | . . . 2133 496 Ramming . | . . . . . Kinetic 1507 | . . . 617 890 Thermal 907 | . 30 57 399 421 Explosive 1578 | . 256 179 455 688 Electromagnetic 728 | 158 . . 339 231 Impact 2133 | . . . 2133 . Slashing 496 | . . . . 496 Piercing . | . . . . . Highest Corruption 12 | . 2 2 . 12 Average Corruption 7 | . 2 2 . 11 Corruption Purged . | . . . . . Corruption Blocked . | . . . . . Effects 24 | . . 3 . 21 Message Errors 5 | . . . . 5 Matter Fused 3 | . . 1 . 2 Heat Flow Errors 4 | . . 1 . 3 Energy Discharges 5 | . . 1 . 4 Data Loss (minor) 4 | . . . . 4 Data Loss (major) 1 | . . . . 1 Alerts 1 | . . . . 1 Weapon Failures 1 | . . . . 1 Overload Shots . | . . . . . Overflow Damage 940 | . 7 10 829 94 Projectiles 19 | . . . . 19 Explosions 112 | . 7 10 85 10 Melee 809 | . . . 744 65 Knockbacks 26 | . . . 13 13 Impact 9 | . . . 9 . Kinetic 15 | . . . 4 11 Secondary 2 | . . . . 2 Self-Inflicted Damage 282 | . . . 223 59 Shots 7 | . . . 5 2 Rammed . | . . . . . Targets Rammed . | . . . . . Kicked . | . . . . . Crushed . | . . . . . Highest Temperature 287 | 72 48 99 198 287 Average Temperature 75 | 30 18 43 67 95 Received Heat Transfer 762 | . . 27 534 201 Siege Activations . | . . . . . Robots Corrupted . | . . . . . Combat Hostiles . | . . . . . Parts Fried 18 | 1 . . 17 . Impact Corruptions 30 | . . . 30 . Robots Melted . | . . . . . Combat Hostiles . | . . . . . Parts Melted 3 | . . . 1 2 Heat Transferred 1319 | . 40 75 475 729 Parts Sabotaged . | . . . . . Parts Stolen . | . . . . . Parts Stripped . | . . . . . Power Chain Reactions 4 | . . . . 4 Alert | -11 -10 -10 -9 -9 ------- Run | Yrd Mat Min Mat Sto Peak Influence 832 | 40 120 171 815 832 Initial 324 | . 26 46 . 324 Average 385 | 16 76 93 378 638 Maximum Alert Level 3 | . . . 3 3 Low Security (%) 35 | 100 100 100 30 . Level 1 16 | . . . 20 17 Level 2 25 | . . . 31 32 Level 3 22 | . . . 17 49 Level 4 . | . . . . . Level 5 . | . . . . . High Security . | . . . . . Max Security . | . . . . . Squads Dispatched 15 | . 3 . 9 3 Investigation 5 | . 1 . 2 2 Extermination . | . . . . . Reinforcement 8 | . 2 . 6 . Assault 2 | . . . 1 1 Garrison . | . . . . . Intercept . | . . . . . Searches Triggered . | . . . . . Construction Impeded 2 | . . . 2 . Haulers Reinforced . | . . . . . Active Scanning Responses . | . . . . . Cargo Convoy Interrupts . | . . . . . Stealth | -11 -10 -10 -9 -9 --------- Run | Yrd Mat Min Mat Sto Distress Signals 5 | . 1 . 2 2 Communications Jammed . | . . . . . Distress Signals . | . . . . . Times Spotted 101 | . 4 6 54 37 Peak Tracking Total 8 | . 4 3 8 7 Tactical Retreats 8 | . . . 4 4 Traps | -11 -10 -10 -9 -9 ------- Run | Yrd Mat Min Mat Sto Traps Triggered 4 | . 1 . 3 . Indirectly . | . . . . . Trap Hack Attempts . | . . . . . Triggered . | . . . . . Disarmed . | . . . . . Reprogrammed . | . . . . . Reused . | . . . . . Traps Extracted . | . . . . . Installed . | . . . . . Triggered 1 | . . . . 1 Machines | -11 -10 -10 -9 -9 ---------- Run | Yrd Mat Min Mat Sto Machines Disabled 10 | . . 1 5 4 Max in Single Turn 3 | . . 1 3 1 Machines Repaired . | . . . . . Machines Dismantled . | . . . . . Machines Sabotaged . | . . . . . Overloaded Fab Kills . | . . . . . Hacking | -11 -10 -10 -9 -9 --------- Run | Yrd Mat Min Mat Sto Machines Accessed 9 | . . . 4 5 Terminals 6 | . . . 2 4 Fabricators . | . . . . . Repair Stations 2 | . . . 1 1 Recycling Units 1 | . . . 1 . Scanalyzers . | . . . . . Garrison Access . | . . . . . Total Hacks 28 | . . . 18 10 Successful 19 | . . . 13 6 Failed 9 | . . . 5 4 Catastrophic . | . . . . . Database Lockouts . | . . . . . Manual . | . . . . . Terminals 12 | . . . 5 7 Fabricators . | . . . . . Repair Stations 12 | . . . 9 3 Recycling Units 4 | . . . 4 . Scanalyzers . | . . . . . Garrison Access . | . . . . . Terminal Hacks 6 | . . . 3 3 Record 3 | . . . 3 . Open Door 3 | . . . . 3 Fabricator Hacks . | . . . . . Repair Station Hacks 11 | . . . 8 3 Scan Component 8 | . . . 6 2 Repair 3 | . . . 2 1 Recycling Unit Hacks 2 | . . . 2 . Process 1 | . . . 1 . Report Inventory 1 | . . . 1 . Scanalyzer . | . . . . . Garrison Access Hacks . | . . . . . Unauthorized Hacks . | . . . . . Terminals . | . . . . . Fabricators . | . . . . . Repair Stations . | . . . . . Recycling Units . | . . . . . Scanalyzers . | . . . . . Garrison Access . | . . . . . Data Cores Recovered . | . . . . . Used . | . . . . . Hacking Detections 7 | . . . 4 3 Full Trace Events 1 | . . . . 1 Feedback Events . | . . . . . Feedback Blocked . | . . . . . Robot Schematics Acquired . | . . . . . Robots Built . | . . . . . Authchips . | . . . . . Time . | . . . . . Total Robot Build Rating . | . . . . . Part Schematics Acquired . | . . . . . Parts Built . | . . . . . Authchips . | . . . . . Time . | . . . . . Total Part Build Rating . | . . . . . Parts Repaired 3 | . . . 2 1 Time 113 | . . . 62 51 Parts Recycled . | . . . . . Recycled Matter 276 | . . . 276 . Retrieved Matter . | . . . . . Retrieved Components . | . . . . . Parts Scanalyzed . | . . . . . Part Schematics Acquired . | . . . . . Parts Damaged . | . . . . . Bothacking | -11 -10 -10 -9 -9 ------------ Run | Yrd Mat Min Mat Sto Used RIF Installer . | . . . . . Robots Hacked . | . . . . . Non-combat . | . . . . . Combat . | . . . . . Robot Hacks Applied . | . . . . . Relay Couplers Released . | . . . . . Fabnet Peak Effective % . | . . . . . Robots Rewired . | . . . . . Allies Hacked . | . . . . . Hacks Repelled . | . . . . . Allies | -11 -10 -10 -9 -9 -------- Run | Yrd Mat Min Mat Sto Total Allies . | . . . . . Largest Group . | . . . . . Highest-Rated Group . | . . . . . Highest-Rated Ally . | . . . . . Total Orders . | . . . . . Ally Attacks . | . . . . . Total Damage . | . . . . . Kills . | . . . . . Allies Corrupted . | . . . . . Allies Melted . | . . . . . Intel | -11 -10 -10 -9 -9 ------- Run | Yrd Mat Min Mat Sto Robot Analysis Total . | . . . . . Derelict Logs Recovered 1 | . . 1 . . Drone Launches . | . . . . . Drone Recoveries . | . . . . . Exploration | -11 -10 -10 -9 -9 ------------- Run | Yrd Mat Min Mat Sto Turns Passed 4175 | 121 239 409 2403 1003 Spaces Moved 2389 | 76 158 369 1267 519 Core 18 | 16 . . . 2 Treads 968 | . . . 845 123 Legs 145 | . . . . 145 Wheels 1258 | 60 158 369 422 249 Hover . | . . . . . Flight . | . . . . . Fastest Speed 50 | 50 100 100 95 95 Average Speed 125 | 87 100 100 140 121 Slowest Speed 400 | 100 100 100 240 400 Overloaded Moves . | . . . . . Propulsion Burnouts . | . . . . . Robots Hopped . | . . . . . Cave-ins Triggered . | . . . . . Exploration Rate (%) 46 | 6 33 70 73 52 Regions Visited 4 Branch Regions 2 Pre-discovered Areas 2 | . . 2 . . Known Exits Taken . | . . . . . Unknown Exits Taken 4 | 1 1 1 1 . Scrap Searched 1 | . . 1 . . Spaces Dug . | . . . . . Terrain Destroyed 301 | . 33 22 184 62 Melee . | . . . . . Projectile 2 | . . . . 2 AOE 299 | . 33 22 184 60 Terrain Rammed . | . . . . . Walls Destroyed . | . . . . . Machines Disabled . | . . . . . Actions | -11 -10 -10 -9 -9 --------- Run | Yrd Mat Min Mat Sto Total 3168 | 106 229 400 1664 769 Wait 361 | . 51 20 173 117 Move 2385 | 75 157 368 1266 519 Hop . | . . . . . Pick Up 76 | 10 5 1 34 26 Fast Attach 5 | 1 . . 3 1 Attach 32 | 6 . 1 13 12 Detach 3 | . . . 2 1 Swap 58 | 3 7 . 30 18 Drop 43 | . 3 . 27 13 Fire 138 | 11 6 9 61 51 Melee 66 | . . . 55 11 Ram . | . . . . . Kick . | . . . . . Crush . | . . . . . Escape Stasis . | . . . . . Rewire 1 | . . 1 . . Trap . | . . . . . Miscellaneous . | . . . . . Route ------- -11/Scrapyard -10/Materials -10/Mines -9/Materials (discovered 5 exits: [*Mat] / [*Min x2] / *Sto x2) -9/Storage History --------- Turn | Location | Event 16 | -11/Scrapyard | Discovered new exit (range 15) 122 | -11/Scrapyard | Entered Materials 248 | -10/Materials | Met 8R-AWN 307 | -10/Materials | Build established: Mutant 342 | -10/Materials | Discovered new exit (range 13) 361 | -10/Materials | Entered Mines 362 | -10/Mines | Assembled infested the area 363 | -10/Mines | Followed 8R-AWN into the Mines 367 | -10/Mines | Assisted by a Guerilla fighting off Assembled 504 | -10/Mines | Learned location of Storage (-9) 668 | -10/Mines | Learned location of Zion (-7) 750 | -10/Mines | Discovered new exit (range 15) 770 | -10/Mines | Entered Materials 770 | -9/Materials | Evolved 2 slots: Utility x1, Weapon x1 808 | -9/Materials | Repaired Com. Wheel 851 | -9/Materials | Repaired Broken Lgt. Ion Engine 904 | -9/Materials | Discovered new exit (range 6) 1175 | -9/Materials | Build established: Scavenger-Mutant 1431 | -9/Materials | Discovered new exit (range 6) 1700 | -9/Materials | Build established: Scavenger-Skirmisher 1764 | -9/Materials | Discovered new exit (range 3) 2405 | -9/Materials | Build established: Mutant 2456 | -9/Materials | Discovered new exit (range 14) 2616 | -9/Materials | Core integrity fell below 50% 2770 | -9/Materials | First assault squad dispatched 2773 | -9/Materials | Discovered new exit (range 6) 2930 | -9/Materials | Lost 3 parts (1n1u1w) 2943 | -9/Materials | Destroyed 7 combat bots 3173 | -9/Materials | Entered Storage 3191 | -9/Storage | Build established: Tank 3238 | -9/Storage | Repaired Cld. Ion Engine 3514 | -9/Storage | Core integrity fell below 20% 3573 | -9/Storage | First assault squad dispatched 3657 | -9/Storage | System corruption reached 10% 3687 | -9/Storage | Lost 4 parts (2n2u) 4176 | -9/Storage | Destroyed by G-34 Mercenary with Small Laser Last Messages --------------- 04078_ K-01 Serf collects debris. 04082_ Acquired 25 matter. 04085_ K-01 Serf collects debris. 04086_ R-06 Scavenger collects Seismic Detector. 04087_ F#UEF&XYZ8 YTRLEGI5&VOHOSE0K0= #:YZ 04087_ Acquired Hvy. EM Pulse Gun. 04088_ Acquired 21 matter. 04089_ K-01 Serf collects debris. 04093_ Acquired 42 matter. 04093_ K-01 Serf collects debris. 04143_ Sneak attack on K-01 Serf. 04143_ Destroyed Lgt. Ion Engine. 04143_ K-01 Serf destroyed. 04144_ Extracted 10 matter. 04153_ System corrupted: Matter fused (-10). 04170_ Lgt. Treads severed. 04173_ Katana severed. 04175_ Beam Rifle destroyed. 04176_ G-34 Mercenary IFF system glitched. [Achievement: First Step to Greatness] Map ----- +----------------------------------------------------+ | | | ?????????????????????????????????????????????????? | | ?????????????????????????????????????????????????? | | ?????????????????????????????????????????????????? | | ?????????????????????????????????????????????????? | | ?????????????????????????????????????????????????? | | ?????????????????????????????????????????????????? | | ?????????????????????????????????????????????????? | | ?????????????????????????????????????????????????? | | ?????????????????????????????????????????????????? | | ?????????????????????????????????????????????????? | | ?????????????????????????????????????????????????? | | ?????????????????????????????????????????????????? | | ?????????????????????????????????????????????????? | | ?????????????????????????????????????????????????? | | ?????????????????????????????????????????????????? | | ?????????????????????????????????????????????????? | | ?????????????????????????????????????????????????? | | ?????????????????????????????????????????????????? | | ??????????##+#####???????????????????????????????? | | ??????????? #???????????????????????????????? | | ???????????? #???????????????????????????????? | | ?????????????" #???????????????????????????????? | | ????????#?????" #???????????????????????????????? | | ????????# ?????" ################+##?????????????? | | ????????# "????" g !% @l g + ????????? | | ????????# "???" ################g #?????????????? | | ????????# """" #???????# % # #######+??????? | | ????????# #???????# + ??? | | ????????#####+####???????# # [ ###??????? | | ????????????# #??????????# !%] # ^! ""#??????? | | ????????????# #??????????# # [! T"#? ????? | | ????????##### #??????????# # ! "#""????? | | ???????## + ################/## % ###"??? ? | | ???????#T # !%%* #""" | | ???????## ## ##### ####+##### + | | ????????#**## #???##### ## # """ | | ????????#**#### ### ####???????# ## #?? R" | | ????????#**#??# #?# #??????????# ## #????""" | | ????????####??# #?# #??????????#""" ## #?????? | | ??????????????# #?# #??????????#""" ## #??????? | | ?????##########+### ##########?#""" ## #??????? | | ?????# % # ## ====#?# ## %####???? | | ?????#! # # #?? ###### %##T##### | | ?????# *% %=#% + ====#????????# +]!* !! | | ?????# | !*![ ##T######????????# # / | | ?????# !]| # ########?????????# #% !!!! | | ?????############# * #" "#?????????#$% ######## | | ????????# =! ##[ T"#######???# #??????? | | ????????# """""" = [ [[ #???# #??????? | +----------------------------------------------------+ Best States ------------- Heat Dissipation 38 Coolant Potential 100 Energy Generation 14 Energy Capacity 280 Matter Stores 300 Matter Capacity 300 Sight Range 18 Terrain Scan Range 16 Terrain Scan Density 10 Armor Coverage 300 Evasion (%) 55 Targeting Accuracy 5 Recoil Reduction 2 Item Schematics ----------------- None Robot Schematics ------------------ None Fabricated ------------ Nothing Alien Tech Used ----------------- None Achievements -------------- First Step to Greatness Hey, That's Mine! Remodeling Significant Disruption Storm Trooper System Compromised Uninvited Guest Challenges ------------ None Game ------ Seed PiercingWeightBarrier Manual? 0 Play Time 01:55:05 Cumulative 6.7 hours Start 2024.03.19 @ 14:18:15 End 2024.03.20 @ 22:15:11 Sessions 7 Manual Loads 0 Difficulty Rogue Special Mode None Game No. 5 Rogue 3 Adventurer 0 Explorer 2 Win Type - Total 0 Types 0/0/0/0/0/0/0/0/0 Lore% 1 Gallery% 5 Achievement% 5 Wizard Run 0 Options --------- Layout 2 ASCII 0 Keyboard 0 Movement Mouse Keybinds 0 Fullscreen 2 Font 48/Tamsyn Map View 50x44 Zoom Use 69% Tactical HUD 1 Map Filters NONE Filters NONE Steam 1 RUN: d3d97471-08f0-4869-97ee-1230b672b04c